 Dungeon Crawl Stone Soup version 0.25-a0-578-gc91f01c (webtiles) character file.

Game seed: 11165150819627923509, levelgen mode: deterministic

3973 BlueFish the Carver (level 10, -1/89 (90) HPs)
             Began as a Minotaur Fighter on Mar 6, 2020.
             Was a Believer of Yredelemnul.
             Slain by a death yak (24 damage)
             ... on level 8 of the Dungeon.
             The game lasted 00:14:20 (7265 turns).

BlueFish the Carver (Minotaur Fighter)              Turns: 7265, Time: 00:14:21

HP:   -1/89 (90)    AC:  8    Str: 29    XL:     10   Next: 2%
MP:   11/11         EV: 13    Int:  5    God:    Yredelemnul [**....]
Gold: 376           SH:  0    Dex: 12    Spells: 9/9 levels left

rFire    . . .     SeeInvis +   a - +1 long sword
rCold    . . .     Gourm    .   b - +0 buckler {rPois}
rNeg     . . .     Faith    .   j - +1 leather armour of the Greedy {rPois MR- Str+7 SInv} (curse)
rPois    +         Spirit   .   (helmet restricted)
rElec    .         Reflect  .   q - +2 cloak
rCorr    .         Harm     .   (no gloves)
MR       .....                  (no boots)
Stlth    +.........             (no amulet)
HPRegen  0.24/turn              (no ring)
MPRegen  0.12/turn              (no ring)

@: confused, drained
A: retaliatory headbutt, horns 2
a: Animate Remains, Recall Undead Slaves, Injury Mirror, Renounce Religion


You were on level 8 of the Dungeon.
You worshipped Yredelemnul.
Yredelemnul was pleased with you.
You were hungry.

You visited 2 branches of the dungeon, and saw 11 of its levels.

You collected 376 gold pieces.

Inventory:

Hand Weapons
 a - a +1 long sword (weapon)
 t - a +1 dagger of freezing
Armour
 b - a +0 buckler of poison resistance (worn)
 c - a +0 kite shield
 j - the cursed +1 leather armour of the Greedy (worn) {rPois MR- Str+7 SInv}
   (You found it on level 9 of the Dungeon)

   It affects your strength (+7).
   It protects you from poison.
   It affects your resistance to hostile enchantments.
   It lets you see invisible.
   If you remove this armour, your AC will decrease by 5 (8 -> 3).
   It has a curse placed upon it.
 q - a +2 cloak (worn)
 w - the +1 leather armour of the Exiled Deaths {SInv}
   (You found it on level 4 of the Dungeon)

   It lets you see invisible.
   If you switch to wearing this armour, your AC will remain unchanged.
 A - the +1 leather armour of Gozag's Pride {rElec rF+ rCorr}
   (You found it on level 7 of the Dungeon)

   It protects you from fire.
   It insulates you from electricity.
   It provides partial protection from all sources of acid and corrosion.
   If you switch to wearing this armour, your AC will remain unchanged.
Wands
 d - a wand of random effects (12)
 h - a wand of flame (18)
 z - a wand of paralysis (13)
Scrolls
 l - a scroll of blinking
 o - a scroll of identify
 s - a scroll of magic mapping
 u - a scroll of remove curse
 v - 2 scrolls of amnesia
 x - 2 scrolls of fog
 y - 2 scrolls of enchant armour
 B - 2 scrolls of enchant weapon
Potions
 e - a potion of brilliance
 g - 4 potions of haste
 i - 2 potions of lignification
 k - 3 potions of stabbing
 n - 4 potions of curing
 p - a potion of mutation {unknown}
 r - a potion of berserk rage {unknown}
Comestibles
 f - 14 rations


   Skills:
 * Level 8.8(7.8) Fighting
 * Level 11.4(10.3) Long Blades
 * Level 7.9(6.8) Armour
 + Level 4.2(3.3) Dodging
 * Level 5.1(4.2) Shields
 * Level 3.3(2.4) Invocations


You had 9 spell levels left.
You didn't know any spells.
Your spell library contained the following spells:

 Spells                   Type           Power        Failure   Level  Hunger
 Foxfire                  Conj/Fire      #...         52%         1    ##.....
 Conjure Flame            Conj/Fire      #.......     87%         3    ####...
 Inner Flame              Hex/Fire       #.......     87%         3    ####...
 Sticky Flame             Conj/Fire      #.......     99%         4    #####..
 Fireball                 Conj/Fire      #.........   100%        5    ######.


Dungeon Overview and Level Annotations

Branches:
Dungeon (10/15)            Temple (1/1) D:4
   Lair: D:8-11         Orc: D:9-12

Altars:
Ashenzari
Elyvilon
Fedhas
Gozag
Hepliaklqana
Kikubaaqudgha
Makhleb
Nemelex Xobeh
Okawaru
Qazlal
Ru
Sif Muna
Trog
Uskayaw
Xom
Yredelemnul
Zin
The Shining One


Innate Abilities, Weirdness & Mutations

You reflexively headbutt those who attack you in melee.
You have a pair of horns on your head.


Message History

You barely miss the death yak. You headbutt the death yak!
The death yak is lightly wounded.
The death yak barely misses you.
You slash the death yak!
The death yak is moderately wounded.
The death yak gores you!
You are confused.
You feel invigorated. The death yak gores you!!
* * * LOW HITPOINT WARNING * * *
You slash the death yak!
The death yak is heavily wounded.
The quokka barely misses you. The death yak closely misses you.
You closely miss the death yak.
You headbutt the death yak, but do no damage.
The death yak is heavily wounded.
The quokka bites you. The death yak gores you!
* * * LOW HITPOINT WARNING * * *
You bump into the rock wall.
The quokka misses you. The death yak gores you!!
You die...
Your body rises from the dead as a mindless zombie.

.......
.....
..#....
....
.......
#.Z
.......
#†##
.......
#F>#
.[...
##F#


rZ. #Y##r# #rY@.# ###### You could see 2 death yaks, 2 hell rats, a worker ant
zombie and a quokka.

Vanquished Creatures
  A two-headed ogre (D:9)
  A wyvern (D:9)
  A hungry ghost (D:10)
  A porcupine (D:8)
  4 orc warriors
  A sky beast (D:10)
  2 ice beasts (D:5)
  A necrophage (D:10)
  6 ogres
  2 centaurs
  A bullfrog (D:6)
  A gnoll sergeant (D:4)
  A howler monkey (D:5)
  A crimson imp (D:5)
  2 quasits
  2 gnoll shamans (D:4)
  A centaur zombie (D:5)
  A jelly (D:9)
  4 orc priests
  4 hounds
  A bullfrog skeleton (D:6)
  6 orc wizards
  2 iguanas (D:7)
  Jessica (D:3)
  4 worker ants
  31 gnolls (D:4)
  9 adders
  3 shadow imps
  2 adder skeletons
  A worm (D:4)
  A dart slug (D:1)
  5 leopard geckos
  30 orcs
  6 giant cockroaches
  11 goblins
  11 hobgoblins
  28 jackals
  13 kobolds
  2 quokkas
  A ball python skeleton (D:5)
  6 bats
  3 frilled lizards
  A leopard gecko skeleton (D:5)
  8 rats
  A spectral orc (D:5)
225 creatures vanquished.

Notes
Turn   | Place    | Note
-------+----------+-------------------------------------------
     0 | D:1      | BlueFish the Minotaur Fighter began the quest for the Orb.
     0 | D:1      | Reached XP level 1. HP: 19/19 MP: 0/0
    65 | D:1      | Reached XP level 2. HP: 25/27 MP: 1/1
   801 | D:2      | Found a white marble altar of Elyvilon.
   806 | D:2      | Reached XP level 3. HP: 34/34 MP: 2/2
   888 | D:2      | Found a stormy altar of Qazlal.
  1154 | D:2      | Reached skill level 3 in Long Blades
  1156 | D:2      | Found a blossoming altar of Fedhas.
  1246 | D:2      | Reached XP level 4. HP: 36/41 MP: 3/3
  1258 | D:2      | Found a faded altar of an unknown god.
  1430 | D:3      | Noticed Jessica
  1433 | D:3      | Killed Jessica
  1528 | D:3      | Reached skill level 4 in Long Blades
  1635 | D:3      | Reached XP level 5. HP: 45/47 MP: 4/4
  1735 | D:3      | Found a shattered altar of Ashenzari.
  1973 | D:4      | Reached skill level 5 in Armour
  1988 | D:4      | Reached skill level 5 in Fighting
  2291 | D:4      | Reached skill level 1 in Dodging
  2297 | D:4      | Reached skill level 5 in Long Blades
  2297 | D:4      | Reached XP level 6. HP: 34/56 MP: 5/5
  2574 | D:4      | Found an iron altar of Okawaru.
  2787 | D:4      | Got a spiked leather armour
  2911 | D:4      | Identified the +1 leather armour of the Exiled Deaths
                  | {SInv} (You found it on level 4 of the Dungeon)
  3014 | D:4      | Found a staircase to the Ecumenical Temple.
  3035 | Temple   | Entered the Ecumenical Temple
  3374 | D:4      | Reached skill level 6 in Long Blades
  3374 | D:4      | Reached XP level 7. HP: 14/61 MP: 6/6
  4190 | D:4      | Reached skill level 7 in Long Blades
  4431 | D:5      | Entered Level 5 of the Dungeon
  4545 | D:5      | Found a sparkling altar of Nemelex Xobeh.
  4583 | D:5      | Reached XP level 8. HP: 41/71 MP: 7/7
  4748 | D:5      | Reached skill level 8 in Long Blades
  4846 | D:5      | Found a basalt altar of Yredelemnul.
  4854 | D:5      | Became a worshipper of Yredelemnul the Dark
  5083 | D:6      | Reached skill level 1 in Invocations
  5326 | D:6      | Reached skill level 9 in Long Blades
  5411 | D:6      | Reached * piety under Yredelemnul
  5886 | D:7      | Identified a scroll of acquirement
  5886 | D:7      | Identified the ring "Rope" {MR- Str+4 Int+6 Dex+6} (You
                  | acquired it on level 7 of the Dungeon)
  5886 | D:7      | Identified the +10 triple crossbow of the Middle {venom,
                  | Str+4 Int+3} (You acquired it on level 7 of the Dungeon)
  5930 | D:7      | Found an ancient bone altar of Kikubaaqudgha.
  5931 | D:7      | Got a slimy leather armour
  5942 | D:7      | Identified the +1 leather armour of Gozag's Pride {rElec
                  | rF+ rCorr} (You found it on level 7 of the Dungeon)
  5954 | D:7      | Reached XP level 9. HP: 76/79 MP: 9/9
  6006 | D:7      | You fall into a shaft and drop 3 floors!
  6006 | D:10     | Entered Level 10 of the Dungeon
  6022 | D:10     | Reached skill level 10 in Long Blades
  6544 | D:10     | Noticed a gargoyle
  6562 | D:9      | Reached ** piety under Yredelemnul
  6579 | D:9      | Got a translucent leather armour
  6597 | D:9      | Reached skill level 11 in Long Blades
  6618 | D:9      | Identified the cursed +1 leather armour of the Greedy
                  | {rPois MR- Str+7 SInv} (You found it on level 9 of the
                  | Dungeon)
  6862 | D:9      | Noticed a two-headed ogre
  6876 | D:9      | HP: 2/81 [two-headed ogre/+0 giant spiked club (20)]
  6877 | D:9      | Killed a two-headed ogre
  6877 | D:9      | Reached skill level 5 in Shields
  6877 | D:9      | Reached XP level 10. HP: 2/89 MP: 11/11
  7248 | D:8      | Noticed a death yak
  7256 | D:8      | Noticed a death yak
  7256 | D:8      | Noticed a death yak
  7265 | D:8      | Slain by a death yak

Levels and vault maps discovered:
D:1:      nzn_arrival_crosshair, layout_basic
D:2:      layout_rooms, nicolae_overflow_crystal_walls, lemuel_round_altar,
          serial_forest, infiniplex_forest_lined_corner,
          infiniplex_forest_lined_3_way, infiniplex_forest_diagonal,
          infiniplex_forest_lined_room_2, chequers_ecumenical_altar_island,
          fedhas_altar_2
D:3:      layout_rooms, evilmike_ruin_ashenzari, dk_noncrumbling_4, uniq_jessica
D:4:      lemuel_castle_with_subvaults [lemuel_castle_interior_carwin_2],
          layout_basic, okawaru_altar_gauntlet_db,
          minmay_temple_entry_sparse_star, first_ration
D:5:      layout_cave_pools, kennysheep_mini,
          yredelemnul_forgotten_temple_becter
D:6:      layout_basic, minmay_door_square, chequers_serial_rivers_marsh
D:7:      minmay_the_grid_plus_closed [minmay_the_grid_fan,
          minmay_the_grid_paths, minmay_the_grid_tree,
          minmay_the_grid_aliased_spiral, minmay_the_grid_prize_trominoes],
          layout_cave_pools, nicolae_overflow_hidden_temple, basic_altar,
          the_bakery
D:8:      layout_basic, overflow_temple_1_default, overflow_temple_1_default,
          dpeg_lair_monsters, enter_bailey_3, uniq_gastronok, uniq_joseph
D:9:      layout_basic, old_standard_altar, serial_glass, glass_columns_b,
          glass_columns_a, st_stairs_1
D:10:     kennysheep_orc_sif_temple, layout_cave_pools, grunt_ministairs_3
Temple:   grunt_temple_mini_profane

Skill      XL: |  1  2  3  4  5  6  7  8  9 |
---------------+----------------------------+-----
Fighting       | 4 5 6 7 8 |  8.8
Armour         | 4 5 6 7 |  7.9
Long Blades    | 3 4 5 6 7 9 11 | 11.4
Dodging        | 1 2 3 4 |  4.2
Invocations    | 1 3 |  3.3
Shields        | 5 |  5.1

Action                   |  1- 3 |  4- 6 |  7- 9 | 10-12 || total
-------------------------+-------+-------+-------+-------++-------
Melee: Long sword        |    92 |   145 |   281 |    13 ||   531
       Headbutt          |    17 |    41 |    59 |     6 ||   123
  Use: Scroll            |     5 |     7 |     6 |       ||    18
       Potion            |       |     2 |     3 |     1 ||     6
  Eat: Chunk             |     1 |     7 |    14 |       ||    22
Armor: Scale mail        |    60 |    89 |       |       ||   149
       Skin              |       |    24 |       |       ||    24
       Leather armour    |       |     5 |    87 |     2 ||    94
Dodge: Dodged            |    55 |   115 |   214 |     5 ||   389
Block: Buckler           |       |       |    19 |     1 ||    20
       Rpst.: Long sword |    15 |    33 |    41 |       ||    89

Table legend:
 A = Non-vault XP
 B = Vault XP
 C = Vault XP percentage of total XP
 D = Non-vault monster count
 E = Vault monster count
 F = Vault count percentage of total count
                 A         B        C        D         E       F
            +---------+---------+-------+---------+---------+-------
      Total |    4639 |    1038 |  18.3 |     164 |      61 |  27.1
            +---------+---------+-------+---------+---------+-------
        D:1 |      39 |       0 |   0.0 |      21 |       0 |   0.0
        D:2 |      74 |       0 |   0.0 |      28 |       0 |   0.0
        D:3 |      58 |      37 |  38.9 |      19 |       1 |   5.0
        D:4 |     346 |     652 |  65.3 |      18 |      57 |  76.0
        D:5 |     890 |       1 |   0.1 |      14 |       1 |   6.7
        D:6 |     464 |       0 |   0.0 |      25 |       0 |   0.0
        D:7 |     331 |       0 |   0.0 |       8 |       0 |   0.0
        D:8 |       0 |     143 | 100.0 |       0 |       1 | 100.0
        D:9 |    1251 |     205 |  14.1 |      11 |       1 |   8.3
       D:10 |    1186 |       0 |   0.0 |      20 |       0 |   0.0
            +---------+---------+-------+---------+---------+-------
